 Dungeon Sprint DCSS version 0.20-a0-1109-ge3cd172 (webtiles) character file.

1022 potatolord5000 the Covert (level 8, -21/81 HPs)
             Began as a Deep Dwarf Fighter on May 5, 2017.
             Demolished by a tyrant leech (25 damage)
             ... in the Dungeon (Sprint II: "The Violet Keep of Menkaure").
             The game lasted 00:01:47 (76 turns).

potatolord5000 the Covert (Deep Dwarf Fighter)        Turns: 76, Time: 00:01:48

Health: -21/81     AC:  8    Str: 22    XL:     8   Next: 2%
Magic:  7/7        EV:  8    Int:  9    God:
Gold:   0          SH: 12    Dex: 12    Spells: 7/7 levels left

rFire    . . .     SeeInvis .   a - +0 war axe
rCold    . . .     Gourm    .   c - +0 shield
rNeg     . . .     Faith    .   b - +0 scale mail
rPois    .         Spirit   .   (no helmet)
rElec    .         Reflect  .   (no cloak)
rCorr    .         Harm     .   (no gloves)
MR       +....     NoTele   +   (no boots)
Stlth    +++.......             (no amulet)
Regen    0.0/turn               (no ring)
MPRegen  0.1/turn               (no ring)

@: non-regenerating
A: damage resistance, heal wounds, sense surroundings 1, no regeneration
a: Heal Wounds


You were in the Dungeon.
You were not hungry.

You visited 1 branch

Inventory:

Hand Weapons
 a - a +0 war axe (weapon)
Armour
 b - a +0 scale mail (worn)
 c - a +0 shield (worn)
Scrolls
 k - a scroll of blinking
Potions
 i - 2 potions of magic
Comestibles
 f - a bread ration


   Skills:
 + Level 7.7 Fighting
 + Level 8.9 Axes
 + Level 9.3 Armour
 + Level 10.1 Stealth
 + Level 9.3 Shields


You had 7 spell levels left.
You didn't know any spells.

Dungeon Overview and Level Annotations

Branches:
Dungeon (1/1)

Altars:


Innate Abilities, Weirdness & Mutations

You are resistant to damage.
You can heal yourself by infusing magical energy.
You passively map a small area around you.
You do not regenerate.


Message History

The tyrant leech bites you but does no damage.
You completely miss the tyrant leech.
The tyrant leech is moderately wounded.
You block the tyrant leech's attack.
You barely miss the tyrant leech.
The tyrant leech is moderately wounded.
You block the tyrant leech's attack.
You barely miss the tyrant leech.
The tyrant leech is moderately wounded.
The tyrant leech bites you!
The tyrant leech draws strength from your injuries!
You hit the tyrant leech but do no damage.
The tyrant leech is moderately wounded.
The tyrant leech bites you!!
* * * LOW HITPOINT WARNING * * *
The tyrant leech draws strength from your injuries!
You closely miss the tyrant leech.
The tyrant leech is lightly wounded.
The tyrant leech bites you!!
You die...

* + * ≈ , , ,
, ≈, *+ , ≈
## * ## * *≈
*.# #. , ,
*≈≈## .#$ **#
≈##.# #'#
*.## *
#..†##.##..$#
, , #'.<@w# +
*
#..†##.##w..#
*≈##.###'##
.## ## #...#*
# * , *
≈≈#.)#..# ≈ ≈
≈ , , ##.,.##
*≈ ## ##≈ **
≈ ≈ * , + ≈ ≈
≈


You could see 2 tyrant leeches.

Vanquished Creatures
  A merfolk siren (D)
  2 hippogriffs (D)
  4 necrophages (D)
7 creatures vanquished.

Notes
Turn   | Place    | Note
-------+----------+-------------------------------------------
     0 | D        | potatolord5000 the Deep Dwarf Fighter began the quest for the Orb.
     0 | D        | Reached XP level 1. HP: 20/20 MP: 1/1
     1 | D        | Noticed a hippogriff
     1 | D        | Noticed a hippogriff
    13 | D        | Killed a hippogriff
    13 | D        | Reached skill level 5 in Fighting
    13 | D        | Reached skill level 5 in Axes
    13 | D        | Reached skill level 6 in Stealth
    13 | D        | Reached XP level 2. HP: 15/32 MP: 2/2
    13 | D        | Reached XP level 3. HP: 19/39 MP: 3/3
    13 | D        | Reached XP level 4. HP: 22/46 MP: 4/4
    13 | D        | Reached XP level 5. HP: 25/52 MP: 5/5
    18 | D        | Killed a hippogriff
    18 | D        | Reached skill level 7 in Stealth
    18 | D        | Reached XP level 6. HP: 15/62 MP: 6/6
    27 | D        | Reached skill level 8 in Stealth
    28 | D        | Reached XP level 7. HP: 41/70 MP: 7/7
    33 | D        | Reached skill level 9 in Stealth
    40 | D        | Noticed a merfolk siren
    51 | D        | Killed a merfolk siren
    51 | D        | Reached skill level 10 in Stealth
    51 | D        | Reached XP level 8. HP: 54/81 MP: 8/8
    56 | D        | Noticed a tyrant leech
    56 | D        | Noticed a tyrant leech
    75 | D        | HP: 4/81 [tyrant leech (30)]
    76 | D        | Demolished by a tyrant leech

Vault maps used:
D:        the_violet_keep_of_menkaure

Skill      XL: |  1  2  3  4  5  6  7 |
---------------+----------------------+-----
Fighting       | 5 6 7 |  7.7
Axes           | 5 7 8 |  8.9
Armour         | 6 7 8 9 |  9.3
Stealth        | 6 7 8 10 | 10.1
Shields        | 6 7 8 9 |  9.3

Action                   |  1- 3 |  4- 6 |  7- 9 || total
-------------------------+-------+-------+-------++-------
Melee: War axe           |     9 |     8 |    34 ||    51
 Abil: Heal Wounds       |       |       |     2 ||     2
  Use: Potion            |     3 |     1 |     1 ||     5
Armor: Scale mail        |     7 |     1 |     6 ||    14
Dodge: Dodged            |     8 |     3 |     4 ||    15
Block: Shield            |     5 |     6 |    12 ||    23
